 Seeded DCSS version 0.29.1-1-gd02db6906a (webtiles) character file.

Game seed: 9708579739092153053 (custom seed)

7653 GigaChad the Fighter (level 10, -1/97 HPs)
             Began as a Minotaur Fighter on Sept 15, 2022.
             Was a Priest of Ashenzari.
             Slain by an orc warrior
             ... wielding a +0 halberd
              (19 damage)
             ... on level 11 of the Dungeon.
             The game lasted 00:25:33 (8862 turns).

GigaChad the Fighter (Minotaur Fighter)             Turns: 8862, Time: 00:25:33

Health: -1/97      AC: 15    Str: 27    XL:     10   Next: 99%
Magic:  15/15      EV: 14    Int:  5    God:    Ashenzari [***...]
Gold:   2149       SH:  8    Dex: 20    Spells: 16/17 levels left

rFire   . . .      SeeInvis +   i - +7 mace of the Maze {spect, rPois Will+ Str+2}
rCold   + . .      Faith    .   c - +0 buckler
rNeg    . . .      Spirit   .   m - +0 plate armour of Toth-Mos's Legacy {Elem, Alch} (curse)
rPois   +          Reflect  .   q - +0 hat of the Unmoving One {rC+ Dex+4, Cun, Fort} (curse)
rElec   .          Harm     .   (no cloak)
rCorr   +          Rampage  .   (no gloves)
Will    +....      Clarity  +   (no boots)
Stlth   ..........              p - amulet of the Sidereal Gnosis {Acrobat, Self, Comp} (curse)
HPRegen 0.26/turn               x - ring of Ashenzari's Soothsayer {rCorr, Elem, Fort} (curse)
MPRegen 0.14/turn               F - ring "Paranoia of Ashenzari" {Dex+6, Evo, Alch} (curse)

@: no status effects
A: horns 2, retaliatory headbutt
a: Renounce Religion, Shatter the Chains


You were on level 11 of the Dungeon.
You worshipped Ashenzari.
Ashenzari was most pleased with you.
You visited 2 branches of the dungeon, and saw 12 of its levels.

You collected 2149 gold pieces.

Inventory:

Hand Weapons
 a - a +0 long sword
 i - the +7 mace of the Maze (weapon) {spect, rPois Will+ Str+2}
   (You found it on level 2 of the Dungeon)

   When its wielder attacks, the weapon's spirit leaps out and strikes again.
   The spirit shares a part of any damage it takes with its wielder.
   Str:       It affects your strength (+2).
   rPois:     It protects you from poison.
   Will:      It increases your willpower.
 B - a +2 vorpal shortbow
 G - the +6 mace of Beid {holy, rPois MP-9 Dex+2}
   (You found it on level 8 of the Dungeon)

   It has been blessed by the Shining One to cause great damage to the undead
   and demons.
   Dex:       It affects your dexterity (+2).
   rPois:     It protects you from poison.
   MP:        It affects your magic capacity (-9).
 I - a +1 antimagic quarterstaff
Missiles
 h - an atropa-tipped dart (quivered)
Armour
 b - a +0 scale mail
 c - a +0 buckler (worn)
 m - the cursed +0 plate armour of Toth-Mos's Legacy (worn) {Elem, Alch}
   (You found it on level 2 of the Dungeon)

   It has a curse which improves the following skills: Elements: Fire Magic, Ice
   Magic, Air Magic and Earth Magic.
   Alchemy:   Poison Magic and Transmutations.
 q - the cursed +0 hat of the Unmoving One (worn) {rC+ Dex+4, Cun, Fort}
   (You acquired it on level 3 of the Dungeon)

   Dex:       It affects your dexterity (+4).
   rC:        It protects you from cold.
   It has a curse which improves the following skills: Cunning: Dodging and
   Stealth.
   Fortitude: Armour and Shields.
Jewellery
 p - the cursed amulet of the Sidereal Gnosis (around neck) {Acrobat, Self, Comp}
   (You acquired it on level 3 of the Dungeon)

   [amulet of the acrobat]

   It increases your evasion while moving and waiting.
   It has a curse which improves the following skills: Introspection: Fighting
   and Spellcasting.
   Companions: Summonings and Necromancy.
 w - a ring of protection from cold
 x - the cursed ring of Ashenzari's Soothsayer (left hand) {rCorr, Elem, Fort}
   (You found it on level 7 of the Dungeon)

   [ring of resist corrosion]

   rCorr:     It protects you from acid and corrosion.
   It has a curse which improves the following skills: Elements: Fire Magic, Ice
   Magic, Air Magic and Earth Magic.
   Fortitude: Armour and Shields.
 F - the cursed ring "Paranoia of Ashenzari" (right hand) {Dex+6, Evo, Alch}
   (You found it on level 8 of the Dungeon)

   [ring of dexterity]

   Dex:       It affects your dexterity (+6).
   It has a curse which improves the following skills: Evocations: Evocations.
   Alchemy:   Poison Magic and Transmutations.
 M - a ring of positive energy
Wands
 C - a wand of roots (2)
 H - a wand of charming (10)
 K - a wand of acid (5)
 L - a wand of digging (5)
Scrolls
 e - 2 scrolls of blinking
 j - 3 scrolls of noise
 l - 6 scrolls of identify
 o - a scroll of fear
 r - 3 scrolls of immolation
 t - a scroll of magic mapping
 y - a scroll of amnesia
 A - a scroll of poison
Potions
 d - a potion of might
 f - 2 potions of curing
 g - 2 potions of heal wounds
 k - a potion of brilliance
 n - 2 potions of haste
 s - 2 potions of resistance
 u - a potion of flight
 v - 3 potions of attraction
 z - a potion of magic
 D - 3 potions of lignification
 E - a potion of cancellation
 J - a potion of ambrosia


   Skills:
 - Level 10.1(11.7) Fighting
 - Level 2.4 Long Blades
 - Level 6.4 Maces & Flails
 - Level 9.7(12.1) Armour
 + Level 9.7(11.3) Dodging
 - Level 8.8(11.2) Shields
 - Level 2.7(4.1) Spellcasting


You had 16 spell levels left.
You knew the following spells:

 Your Spells              Type           Power      Damage    Failure   Level
a - Shock                 Conj/Air       4%         1d3       97%         1

Your spell library contained the following spells:

 Spells                   Type           Power      Damage    Failure   Level
 Poisonous Vapours        Pois/Air       2%         N/A       99%         2
 Sublimation of Blood     Necr           1%         N/A       99%         2
 Swiftness                Air            1%         N/A       100%        3
 Airstrike                Air            0%         2d(1-17)  100%        4
 Corpse Rot               Necr/Pois/Air  1%         N/A       100%        4
 Petrify                  Tmut/Erth      1%         N/A       100%        4
 Irradiate                Conj/Tmut      0%         3d11      100%        5
 Dispersal                Tloc           0%         N/A       100%        6
 Disjunction              Tloc           0%         N/A       100%        8


Dungeon Overview and Level Annotations

Branches:
Dungeon (11/15)            Temple (1/1) D:6
   Lair: D:8-11         Orc: D:9-12

Altars:
Ashenzari
Cheibriados
Dithmenos
Elyvilon
Fedhas
Gozag
Hepliaklqana
Kikubaaqudgha
Makhleb
Nemelex Xobeh
Okawaru
Qazlal
Ru
Sif Muna
Trog
Uskayaw
Vehumet
Xom
Yredelemnul
Zin
The Shining One

Annotations:
D:5 3 runed translucent doors, fingers's ghost, amateur SpBr


Innate Abilities, Weirdness & Mutations

You have a pair of horns on your head.
You reflexively headbutt those who attack you in melee.


Message History

The killer bee stings you but does no damage.
You closely miss the killer bee. Your headbutt misses the killer bee.
The killer bee is severely wounded.
You block the killer bee's attack. The killer bee barely misses you.
You closely miss the killer bee.
The killer bee is heavily wounded.
You block the killer bee's attack. The killer bee misses you.
You furiously retaliate!
You headbutt the killer bee.
The killer bee stings you but does no damage.
You miss the killer bee.
The killer bee is almost dead.
You block the killer bee's attack. x2
You sock the killer bee!
You kill the killer bee!
You barely miss the vampire mosquito.
Your headbutt misses the vampire mosquito.
The vampire mosquito is lightly damaged.
The vampire mosquito closely misses you.
You furiously retaliate!
You headbutt the vampire mosquito. The vampire mosquito misses you.
You furiously retaliate!
You headbutt the vampire mosquito, but do no damage.
You sock the vampire mosquito!
Your headbutt misses the vampire mosquito.
The vampire mosquito is heavily damaged.
You block the vampire mosquito's attack.
The vampire mosquito closely misses you.
You barely miss the vampire mosquito. You headbutt the vampire mosquito.
The vampire mosquito is severely damaged.
The vampire mosquito bites you but does no damage.
You block the vampire mosquito's attack.
The vampire mosquito completely misses you.
You barely miss the vampire mosquito.
The vampire mosquito is severely damaged.
The vampire mosquito barely misses you.
The vampire mosquito closely misses you.
You furiously retaliate!
You headbutt the vampire mosquito. You hit the vampire mosquito.
You destroy the vampire mosquito!
The orc warrior hits you from afar with a +0 halberd!!
You die...

### #@# ** ########B#
* ,......§oy# ,
........y# *
.........#### .#
............#####..,,
* *
...........{....... ,
...########°.......,
* ... #........ *


You could see a boulder beetle, an orc warrior and 2 vampire mosquitoes.

Vanquished Creatures
  Erolcha (D:9)
  A two-headed ogre (D:11)
  A cyclops (D:11)
  Joseph (D:8)
  A kobold demonologist (D:10)
  A troll (D:10)
  A hornet (D:10)
  Prince Ribbit (D:7)
  Grinder (D:6)
  3 yaks (D:10)
  A shadow (D:10)
  Eustachio (D:6)
  3 vampire mosquitoes
  A steam dragon (D:7)
  A wyvern (D:11)
  2 wraiths
  A swamp worm (D:7)
  An acid dragon (D:9)
  2 water moccasins
  A sky beast (D:7)
  2 black bears (D:6)
  An orc warrior (D:7)
  3 centaurs (D:8)
  A phantom (D:6)
  2 kobold brigands
  3 bullfrogs
  2 necrophages
  3 scorpions
  4 wights (D:10)
  A killer bee (D:11)
  An electric eel (D:9)
  3 howler monkeys (D:9)
  A crimson imp (D:8)
  2 gnoll boudas
  2 jellies
  4 orc priests
  2 hounds
  4 iguanas
  14 orc wizards
  Robin (D:4)
  7 adders
  8 gnolls
  A white imp (D:8)
  An ufetubus (D:5)
  3 worms
  2 dart slugs
  27 orcs
  3 bats
  3 endoplasms
  4 giant cockroaches
  15 goblins
  6 hobgoblins
  4 jackals (D:2)
  4 quokkas
  3 ball pythons
  2 frilled lizards
  22 kobolds
  2 rats (D:6)
199 creatures vanquished.

Vanquished Creatures (others)
  60 plants
60 creatures vanquished.

Grand Total: 259 creatures vanquished

Notes
Turn   | Place    | Note
-------+----------+-------------------------------------------
     0 | D:1      | GigaChad the Minotaur Fighter began the quest for the Orb.
     0 | D:1      | Reached XP level 1. HP: 19/19 MP: 0/0
   596 | D:1      | Reached skill level 4 in Fighting
   596 | D:1      | Reached XP level 2. HP: 25/27 MP: 1/1
  1090 | D:2      | Identified the +7 mace of the Maze {spect, rPois Will+
                  | Str+2}
  1393 | D:3      | Reached XP level 3. HP: 35/35 MP: 2/2
  1472 | D:3      | Reached skill level 5 in Fighting
  1491 | D:3      | Identified 3 scrolls of acquirement
  1491 | D:3      | Acquired the +0 hat of the Singing Gods {rC+ Dex+4}
  1498 | D:3      | Acquired 1062 gold pieces
  1500 | D:3      | Acquired an amulet of the acrobat
  1748 | D:4      | Reached XP level 4. HP: 40/42 MP: 3/3
  1777 | D:4      | Noticed Robin
  1782 | D:4      | Killed Robin
  1783 | D:4      | Reached skill level 5 in Armour
  1892 | D:4      | Noticed a scorpion
  1897 | D:4      | Killed a scorpion
  1898 | D:4      | Reached XP level 5. HP: 48/48 MP: 4/4
  1969 | D:4      | Reached skill level 1 in Dodging
  2275 | D:5      | Entered Level 5 of the Dungeon
  2275 | D:5      | Noticed fingers's ghost (amateur SpBr)
  2275 | D:5      | Found a runed translucent gate.
  2275 | D:5      | Found a runed translucent gate.
  2275 | D:5      | Found a runed translucent gate.
  2283 | D:5      | Reached XP level 6. HP: 56/56 MP: 5/5
  2412 | D:5      | Reached skill level 5 in Dodging
  2428 | D:5      | Reached XP level 7. HP: 59/61 MP: 6/6
  2772 | D:6      | Found a staircase to the Ecumenical Temple.
  2781 | Temple   | Entered the Ecumenical Temple
  2802 | Temple   | Became a worshipper of Ashenzari the Shackled
  2876 | D:6      | Reached skill level 5 in Shields
  3010 | D:6      | Noticed Eustachio
  3032 | D:6      | Killed Eustachio
  3033 | D:6      | Reached XP level 8. HP: 68/68 MP: 7/7
  3071 | D:6      | Found a large runed translucent door.
  3072 | D:6      | Found a large runed translucent door.
  3232 | D:6      | Found a glowing drain.
  3520 | D:6      | Noticed Grinder
  3521 | D:6      | Found a basalt altar of Yredelemnul.
  3549 | D:6      | Killed Grinder
  3602 | D:6      | Found a radiant altar of Vehumet.
  4073 | D:7      | Reached skill level 6 in Fighting
  4124 | D:7      | Reached skill level 7 in Fighting
  4254 | D:7      | Reached skill level 8 in Fighting
  4383 | D:7      | Reached XP level 9. HP: 66/82 MP: 8/8
  4565 | D:7      | Noticed Prince Ribbit
  4570 | D:7      | Killed Prince Ribbit
  4571 | D:7      | Reached skill level 9 in Fighting
  5234 | D:8      | Reached skill level 10 in Fighting
  5268 | D:8      | Noticed Joseph
  5282 | D:8      | Killed Joseph
  5799 | D:8      | Reached * piety under Ashenzari
  6078 | D:8      | Found a stormy altar of Qazlal.
  6359 | D:8      | Reached ** piety under Ashenzari
  6508 | D:8      | Identified the +6 mace of Beid {holy, rPois MP-9 Dex+2}
  6910 | D:9      | Noticed Erolcha
  7252 | D:9      | Killed Erolcha
  7253 | D:9      | Reached XP level 10. HP: 96/96 MP: 8/14
  7506 | D:9      | Found a sacrificial altar of Ru.
  7559 | D:9      | Found a hide-covered altar of Uskayaw.
  7618 | D:9      | Found a snail-covered altar of Cheibriados.
  7778 | D:9      | Learned a level 1 spell: Shock
  7862 | D:10     | Entered Level 10 of the Dungeon
  8141 | D:10     | Reached *** piety under Ashenzari
  8145 | D:10     | Identified the +3 mace "Impslayer" {drain, *Rage rN++
                  | Stlth+}
  8176 | D:10     | Acquired 662 gold pieces
  8722 | D:11     | Noticed a two-headed ogre
  8727 | D:11     | Killed a two-headed ogre
  8808 | D:11     | Noticed a cyclops
  8822 | D:11     | Killed a cyclops
  8823 | D:11     | Noticed a boulder beetle
  8862 | D:11     | Slain by an orc warrior

Illustrated notes

Levels and vault maps discovered:
D:1:      matt_arrival_spirals, layout_loops_ring,
          chequers_ecumenical_altar_island, chequers_serial_rivers_room_b,
          minmay_misc_feat_nine_boxes
D:2:      layout_basic, chequers_serial_rivers_small_3
D:3:      layout_loops_ring
D:4:      layout_loops_corners, kennysheep_generic_room_5, uniq_robin
D:5:      kennysheep_kobold_camp, layout_cave_pools,
          gammafunk_ghost_nasty_kobolds, nicolae_fountain_basement
D:6:      minmay_evil_eye, layout_loops_ring, jmf_multi_god_temple2,
          temple_statues, gup_sewer_entry_bubbles, uniq_grinder, uniq_eustachio
D:7:      layout_loops_ring, worms_lemuel, uniq_prince_ribbit1
D:8:      layout_layer_cave, mainiacjoe_overflow_tiny_flanked, minivault_22,
          minmay_fire_ice_demons, uniq_joseph
D:9:      layout_roguey, lemuel_coloured_pillars_altar,
          mainiacjoe_overflow_alcove_2, nicolae_ru_the_path_less_chosen,
          chei_slow_surprise, serial_bayou_pond_b, kennysheep_path_1,
          lemuel_flamethrower_2, uniq_erolcha
D:10:     layout_rooms
D:11:     minmay_the_grid_square_5x5_4x4 [minmay_the_grid_square_5x5_spiral,
          minmay_the_grid_square_5x5_two_small,
          minmay_the_grid_square_5x5_forky,
          minmay_the_grid_square_5x5_two_walls_b,
          minmay_the_grid_square_5x5_three_small,
          minmay_the_grid_square_5x5_prize_open,
          minmay_the_grid_square_5x5_prize_waves,
          minmay_the_grid_square_5x5_shrine2,
          minmay_the_grid_square_5x5_moneybag,
          minmay_the_grid_square_5x5_prize_gold,
          minmay_the_grid_square_5x5_prize_monsterx,
          minmay_the_grid_square_5x5_intrusive_squares,
          minmay_the_grid_square_5x5_bridge, minmay_the_grid_square_5x5_minimal,
          minmay_the_grid_square_5x5_dogpile, minmay_the_grid_square_5x5_slash],
          layout_irregular_city, dpeg_oklobed_lair, gammafunk_ghost_hive,
          kennysheep_nondescript
Temple:   hellmonk_temple_two_chambers

Skill      XL: |  1  2  3  4  5  6  7  8  9 10 |
---------------+-------------------------------+-----
Fighting       | 4 5 8 10 | 10.1
Armour         | 4 5 9 |  9.7
Dodging        | 3 5 9 |  9.7
Shields        | 6 8 |  8.8
Maces & Flails | 4 6 |  6.4
Spellcasting   | 2 |  2.7
Long Blades    | |  2.4

Action                   |  1- 3 |  4- 6 |  7- 9 | 10-12 || total
-------------------------+-------+-------+-------+-------++-------
Melee: Long sword        |    36 |       |       |       ||    36
       Headbutt          |     3 |    11 |    32 |    23 ||    69
       Mace              |    25 |    47 |   157 |    94 ||   323
Throw: Dart              |       |       |     2 |       ||     2
Invok: Curse Item        |       |       |     4 |     1 ||     5
Evoke: Wand              |       |       |       |     1 ||     1
  Use: Scroll            |     3 |     1 |     7 |     3 ||    14
 Stab: Distracted        |       |       |     4 |     1 ||     5
Armor: Scale mail        |    31 |       |       |       ||    31
       Plate armour      |     6 |    29 |    50 |    43 ||   128
Dodge: Dodged            |    40 |    46 |   102 |    87 ||   275
Block: Buckler           |    20 |    25 |    50 |    59 ||   154
